2746 views
Uploaded 2020-02-28 19:24:53
Game version 1.32.2
31:45 long 4on4 ladder game on (8)Feralas_LV
Saved by SsargersS
2746 views
Uploaded 2020-02-28 19:24:53
Game version 1.32.2
31:45 long 4on4 ladder game on (8)Feralas_LV


101 units @ 10k
/ 0.7k
214 buildings @ 21.6k
/ 10.9k


| Lesser Clarity Potion | 1 | 70 |
| Healing Salve | 3 | 300 |
| Orb of Lightning | 1 | 375 |
| Staff of Teleportation | 2 | 300 |
| Boots of Speed | 2 | 500 |
| Staff of Sanctuary | 1 | 250 |
| Orb of Corruption | 1 | 375 |
| total: | 11 | 2170g |
| Peon | 26 | 1950 | / | 0 |
| Troll Batrider | 11 | 1760 | / | 440 |
| total: | 37 | 3710g | / | 440w |
| Watch Tower | 58 | 6380 | / | 4640 |
| Altar of Storms | 1 | 180 | / | 50 |
| War Mill | 1 | 205 | / | 0 |
| Voodoo Lounge | 2 | 260 | / | 60 |
| Orc Burrow | 4 | 640 | / | 160 |
| Great Hall | 1 | 385 | / | 185 |
| Spirit Lodge | 1 | 150 | / | 150 |
| Beastiary | 3 | 435 | / | 420 |
| Stronghold | 1 | 315 | / | 190 |
| Fortress | 1 | 325 | / | 190 |
| total: | 71 | 8635g | / | 5665w |
| 0:01 | Peon |
| 0:05 | Altar of Storms |
| 0:18 | War Mill |
| 0:19 | Peon |
| 0:27 | Peon |
| 0:40 | Voodoo Lounge |
| 0:42 | Voodoo Lounge |
| 0:44 | Peon |
| 1:00 | Peon |
| 1:12 | Orc Burrow |
| 2:05 | Peon |
| 2:23 | Peon |
| 2:31 | Pocket Factory |
| 3:10 | Watch Tower |
| 3:10 | Watch Tower |
| 3:12 | Watch Tower |
| 3:12 | Peon |
| 3:13 | Peon |
| 3:29 | Peon |
| 3:42 | Watch Tower |
| 3:43 | Peon |
| 3:46 | Orc Burrow |
| 4:09 | Lesser Clarity Potion |
| 4:10 | Healing Salve |
| 4:17 | Watch Tower |
| 4:38 | Staff of Teleportation |
| 4:39 | Boots of Speed |
| 4:45 | Peon |
| 5:06 | Peon |
| 6:14 | Watch Tower |
| 6:15 | Watch Tower |
| 6:15 | Watch Tower |
| 6:32 | Watch Tower |
| 6:33 | Peon |
| 6:35 | Watch Tower |
| 6:36 | Watch Tower |
| 6:36 | Watch Tower |
| 6:55 | Peon |
| 6:55 | Peon |
| 7:34 | Watch Tower |
| 7:36 | Watch Tower |
| 7:43 | Cluster Rockets |
| 8:01 | Great Hall |
| 8:01 | Watch Tower |
| 8:02 | Watch Tower |
| 8:50 | Stronghold |
| 8:52 | Watch Tower |
| 9:11 | Watch Tower |
| 9:14 | Healing Salve |
| 9:18 | Watch Tower |
| 9:24 | Watch Tower |
| 9:37 | Watch Tower |
| 9:38 | Watch Tower |
| 10:04 | Spiked Barricades |
| 10:32 | Watch Tower |
| 11:21 | Watch Tower |
| 11:23 | Reinforced Defenses |
| 11:24 | Improved Spiked Barricades |
| 11:25 | Peon |
| 11:28 | Healing Salve |
| 11:35 | Watch Tower |
| 11:36 | Peon |
| 11:36 | Peon |
| 11:36 | Peon |
| 11:46 | Fortress |
| 11:59 | Orc Burrow |
| 12:08 | Watch Tower |
| 12:08 | Watch Tower |
| 12:09 | Watch Tower |
| 12:14 | Watch Tower |
| 12:25 | Watch Tower |
| 12:54 | Watch Tower |
| 12:57 | Watch Tower |
| 12:58 | Watch Tower |
| 13:06 | Peon |
| 13:06 | Peon |
| 13:25 | Watch Tower |
| 13:26 | Watch Tower |
| 13:27 | Watch Tower |
| 13:27 | Watch Tower |
| 13:34 | Watch Tower |
| 13:39 | Peon |
| 13:40 | Peon |
| 13:52 | Cluster Rockets |
| 14:12 | Watch Tower |
| 14:13 | Watch Tower |
| 14:18 | Peon |
| 14:19 | Peon |
| 14:22 | Orb of Lightning |
| 15:36 | Watch Tower |
| 15:36 | Watch Tower |
| 15:37 | Watch Tower |
| 15:37 | Watch Tower |
| 15:38 | Watch Tower |
| 15:39 | Watch Tower |
| 15:39 | Watch Tower |
| 15:39 | Watch Tower |
| 15:41 | Watch Tower |
| 15:44 | Hex |
| 15:57 | Watch Tower |
| 16:00 | Watch Tower |
| 16:01 | Watch Tower |
| 16:03 | Watch Tower |
| 16:05 | Watch Tower |
| 16:08 | Staff of Teleportation |
| 16:08 | Boots of Speed |
| 17:48 | Spirit Lodge |
| 17:50 | Beastiary |
| 17:50 | Beastiary |
| 17:51 | Beastiary |
| 17:58 | Watch Tower |
| 17:58 | Watch Tower |
| 17:59 | Watch Tower |
| 17:59 | Watch Tower |
| 18:10 | Staff of Sanctuary |
| 18:14 | Orb of Corruption |
| 19:27 | Healing Wave |
| 20:11 | Troll Batrider |
| 20:55 | Liquid Fire |
| 20:55 | Troll Batrider |
| 21:24 | Troll Batrider |
| 21:25 | Orc Burrow |
| 23:37 | Troll Batrider |
| 24:56 | Troll Batrider |
| 24:57 | Steel Ranged Weapons |
| 25:24 | Troll Batrider |
| 26:45 | Troll Batrider |
| 26:56 | Steel Armor |
| 26:57 | Thorium Ranged Weapons |
| 27:17 | Healing Wave |
| 28:27 | Engineering Upgrade |
| 28:50 | Troll Batrider |
| 29:02 | Pocket Factory |
| 29:17 | Troll Batrider |
| 29:34 | Troll Batrider |
| 30:08 | Troll Batrider |
| Right click | 2086 |
| Select | 785 |
| Select group | 328 |
| Assign group | 120 |
| Use ability | 107 |
| Build/train/purchase | 98 |
| Chat | 34 |
| Resource trade | 24 |
| Minimap ping | 22 |
| Misc. action | 7 |
| Item give/drop | 4 |


| Rod of Necromancy | 1 | 150 |
| Ritual Dagger | 1 | 125 |
| Potion of Mana | 2 | 400 |
| Potion of Healing | 2 | 300 |
| Lesser Clarity Potion | 2 | 140 |
| Boots of Speed | 2 | 500 |
| Staff of Teleportation | 2 | 300 |
| Circlet of Nobility | 3 | 525 |
| Healing Salve | 2 | 200 |
| Tiny Great Hall | 2 | 1200 |
| Scroll of Regeneration | 1 | 100 |
| total: | 20 | 3940g |
| Acolyte | 18 | 1350 | / | 0 |
| Ghoul | 8 | 960 | / | 0 |
| total: | 26 | 2310g | / | 0w |
| Nerubian Tower | 9 | 900 | / | 180 |
| Spirit Tower | 5 | 725 | / | 200 |
| Crypt | 2 | 400 | / | 100 |
| Altar of Darkness | 3 | 540 | / | 150 |
| Ziggurat | 19 | 2850 | / | 950 |
| Graveyard | 1 | 215 | / | 0 |
| Tomb of Relics | 1 | 130 | / | 30 |
| Slaughterhouse | 1 | 140 | / | 135 |
| Halls of the Dead | 1 | 320 | / | 210 |
| Black Citadel | 2 | 650 | / | 460 |
| total: | 27 | 4275g | / | 1365w |
| 0:02 | Acolyte |
| 0:09 | Acolyte |
| 0:13 | Crypt |
| 0:27 | Altar of Darkness |
| 0:34 | Ziggurat |
| 0:56 | Graveyard |
| 1:17 | Ghoul |
| 1:29 | Ghoul |
| 1:40 | Ziggurat |
| 1:49 | Ghoul |
| 2:03 | Ghoul |
| 2:20 | Cannibalize |
| 2:25 | Tomb of Relics |
| 2:28 | Death Coil |
| 2:40 | Ghoul |
| 3:08 | Halls of the Dead |
| 3:34 | Rod of Necromancy |
| 3:38 | Ritual Dagger |
| 4:06 | Unholy Aura |
| 4:37 | Ghoul |
| 5:08 | Ghoul |
| 5:11 | Nerubian Tower |
| 6:32 | Black Citadel |
| 6:33 | Spirit Tower |
| 6:36 | Acolyte |
| 6:37 | Acolyte |
| 6:38 | Acolyte |
| 6:50 | Frost Nova |
| 6:56 | Ziggurat |
| 7:48 | Death Coil |
| 8:59 | Black Citadel |
| 9:01 | Slaughterhouse |
| 9:16 | Ziggurat |
| 9:17 | Ziggurat |
| 9:18 | Ziggurat |
| 9:27 | Ziggurat |
| 9:54 | Ziggurat |
| 9:54 | Ziggurat |
| 9:55 | Ziggurat |
| 10:30 | Nerubian Tower |
| 10:31 | Spirit Tower |
| 10:48 | Spirit Tower |
| 10:51 | Ziggurat |
| 11:14 | Spirit Tower |
| 11:39 | Healing Salve |
| 11:48 | Acolyte |
| 11:50 | Acolyte |
| 12:43 | Boots of Speed |
| 12:44 | Staff of Teleportation |
| 12:44 | Circlet of Nobility |
| 14:18 | Tiny Great Hall |
| 16:04 | Potion of Mana |
| 16:16 | Frost Armor |
| 16:23 | Acolyte |
| 16:43 | Acolyte |
| 16:56 | Tiny Great Hall |
| 18:52 | Acolyte |
| 19:17 | Acolyte |
| 19:17 | Acolyte |
| 19:58 | Altar of Darkness |
| 20:23 | Potion of Healing |
| 20:33 | Potion of Healing |
| 20:42 | Potion of Mana |
| 21:39 | Acolyte |
| 21:48 | Ziggurat |
| 21:58 | Scroll of Regeneration |
| 22:10 | Ziggurat |
| 22:30 | Circlet of Nobility |
| 22:48 | Nerubian Tower |
| 23:36 | Nerubian Tower |
| 23:38 | Acolyte |
| 24:03 | Acolyte |
| 24:26 | Acolyte |
| 24:26 | Acolyte |
| 24:50 | Ziggurat |
| 25:22 | Ziggurat |
| 25:24 | Ziggurat |
| 25:39 | Ziggurat |
| 25:47 | Ziggurat |
| 26:28 | Nerubian Tower |
| 26:28 | Nerubian Tower |
| 26:30 | Acolyte |
| 26:43 | Crypt |
| 27:24 | Nerubian Tower |
| 27:24 | Nerubian Tower |
| 27:25 | Nerubian Tower |
| 27:53 | Ghoul |
| 28:41 | Unholy Aura |
| 28:45 | Boots of Speed |
| 28:46 | Staff of Teleportation |
| 28:50 | Circlet of Nobility |
| 29:28 | Frost Nova |
| 29:52 | Healing Salve |
| 29:55 | Lesser Clarity Potion |
| 29:59 | Lesser Clarity Potion |
| 31:31 | Altar of Darkness |
| 31:37 | Ziggurat |
| Right click | 1746 |
| Select group | 565 |
| Select | 521 |
| Assign group | 177 |
| Build/train/purchase | 132 |
| Use ability | 74 |
| Resource trade | 25 |
| Misc. action | 16 |
| Item give/drop | 6 |
| Minimap ping | 3 |
| Remove unit | 2 |



| Lesser Clarity Potion | 2 | 140 |
| Potion of Healing | 4 | 600 |
| Staff of Sanctuary | 3 | 750 |
| Potion of Mana | 1 | 200 |
| Scroll of Town Portal | 2 | 700 |
| Boots of Speed | 3 | 750 |
| Staff of Teleportation | 3 | 450 |
| Healing Salve | 1 | 100 |
| Orb of Corruption | 1 | 375 |
| total: | 20 | 4065g |
| Peasant | 22 | 1650 | / | 0 |
| Dragonhawk Rider | 4 | 800 | / | 120 |
| Sorceress | 1 | 155 | / | 20 |
| Priest | 1 | 135 | / | 10 |
| total: | 28 | 2740g | / | 150w |
| Scout Tower | 74 | 2220 | / | 1480 |
| Arcane Tower | 6 | 420 | / | 300 |
| Guard Tower | 43 | 3010 | / | 2150 |
| Altar of Kings | 3 | 540 | / | 150 |
| Farm | 8 | 640 | / | 160 |
| Lumber Mill | 2 | 240 | / | 0 |
| Town Hall | 2 | 770 | / | 410 |
| Blacksmith | 1 | 140 | / | 60 |
| Barracks | 1 | 160 | / | 60 |
| Arcane Vault | 3 | 390 | / | 90 |
| Arcane Sanctum | 2 | 300 | / | 280 |
| Gryphon Aviary | 3 | 420 | / | 450 |
| Keep | 1 | 320 | / | 210 |
| Castle | 2 | 720 | / | 420 |
| total: | 99 | 5820g | / | 3140w |
| 0:02 | Peasant |
| 0:02 | Peasant |
| 0:10 | Altar of Kings |
| 0:19 | Farm |
| 0:19 | Peasant |
| 0:24 | Peasant |
| 0:35 | Peasant |
| 0:38 | Farm |
| 0:45 | Peasant |
| 1:03 | Lumber Mill |
| 1:09 | Peasant |
| 1:14 | Peasant |
| 1:26 | Scout Tower |
| 1:32 | Peasant |
| 1:48 | Scout Tower |
| 1:52 | Arcane Tower |
| 1:59 | Scout Tower |
| 2:10 | Blizzard |
| 2:23 | Guard Tower |
| 2:25 | Guard Tower |
| 2:30 | Peasant |
| 2:30 | Peasant |
| 2:30 | Peasant |
| 2:31 | Peasant |
| 2:37 | Scout Tower |
| 2:38 | Scout Tower |
| 2:49 | Scout Tower |
| 3:00 | Scout Tower |
| 3:10 | Brilliance Aura |
| 3:14 | Guard Tower |
| 3:26 | Guard Tower |
| 3:28 | Scout Tower |
| 3:31 | Guard Tower |
| 3:34 | Scout Tower |
| 3:34 | Scout Tower |
| 3:38 | Scout Tower |
| 3:40 | Peasant |
| 3:40 | Peasant |
| 3:47 | Keep |
| 4:13 | Guard Tower |
| 4:13 | Guard Tower |
| 4:25 | Farm |
| 4:25 | Farm |
| 4:27 | Boots of Speed |
| 4:54 | Scout Tower |
| 4:55 | Scout Tower |
| 4:59 | Guard Tower |
| 5:02 | Improved Masonry |
| 5:04 | Scout Tower |
| 5:05 | Scout Tower |
| 5:05 | Scout Tower |
| 5:16 | Scout Tower |
| 5:17 | Scout Tower |
| 5:19 | Scout Tower |
| 5:19 | Scout Tower |
| 5:20 | Scout Tower |
| 5:20 | Scout Tower |
| 5:34 | Scout Tower |
| 5:35 | Scout Tower |
| 5:56 | Staff of Teleportation |
| 6:01 | Arcane Tower |
| 6:01 | Guard Tower |
| 6:24 | Guard Tower |
| 6:44 | Scout Tower |
| 6:45 | Scout Tower |
| 6:47 | Guard Tower |
| 6:55 | Peasant |
| 6:55 | Peasant |
| 6:57 | Improved Lumber Harvesting |
| 7:13 | Storm Bolt |
| 7:14 | Guard Tower |
| 7:15 | Arcane Tower |
| 7:16 | Scout Tower |
| 7:30 | Guard Tower |
| 7:31 | Scout Tower |
| 7:32 | Scout Tower |
| 7:48 | Blizzard |
| 7:58 | Healing Salve |
| 7:58 | Lesser Clarity Potion |
| 8:00 | Guard Tower |
| 8:06 | Guard Tower |
| 8:07 | Scout Tower |
| 8:08 | Scout Tower |
| 8:08 | Scout Tower |
| 8:32 | Guard Tower |
| 9:00 | Castle |
| 9:01 | Guard Tower |
| 9:26 | Town Hall |
| 9:27 | Scout Tower |
| 9:39 | Guard Tower |
| 9:53 | Guard Tower |
| 9:54 | Scout Tower |
| 9:55 | Scout Tower |
| 10:09 | Guard Tower |
| 10:13 | Arcane Sanctum |
| 10:16 | Arcane Sanctum |
| 10:22 | Advanced Masonry |
| 10:37 | Guard Tower |
| 10:37 | Guard Tower |
| 10:52 | Arcane Tower |
| 10:53 | Scout Tower |
| 10:54 | Scout Tower |
| 10:54 | Scout Tower |
| 10:54 | Scout Tower |
| 11:38 | Imbued Masonry |
| 11:54 | Guard Tower |
| 11:56 | Scout Tower |
| 12:15 | Gryphon Aviary |
| 12:16 | Blacksmith |
| 12:17 | Barracks |
| 12:18 | Magic Sentry |
| 12:45 | Arcane Vault |
| 13:56 | Arcane Vault |
| 13:57 | Arcane Vault |
| 13:59 | Guard Tower |
| 14:03 | Dragonhawk Rider |
| 14:03 | Dragonhawk Rider |
| 14:05 | Sorceress |
| 14:07 | Priest |
| 14:08 | Advanced Lumber Harvesting |
| 14:13 | Scout Tower |
| 14:14 | Scout Tower |
| 14:14 | Scout Tower |
| 14:15 | Scout Tower |
| 14:24 | Holy Light |
| 14:41 | Guard Tower |
| 14:45 | Bash |
| 14:59 | Potion of Healing |
| 15:17 | Staff of Sanctuary |
| 15:35 | Scroll of Town Portal |
| 15:35 | Orb of Corruption |
| 15:36 | Potion of Healing |
| 16:35 | Animal War Training |
| 16:38 | Dragonhawk Rider |
| 16:42 | Scout Tower |
| 16:43 | Scout Tower |
| 16:45 | Potion of Healing |
| 17:12 | Scout Tower |
| 17:13 | Scout Tower |
| 17:13 | Scout Tower |
| 17:13 | Scout Tower |
| 17:14 | Scout Tower |
| 17:14 | Scout Tower |
| 17:14 | Scout Tower |
| 17:14 | Scout Tower |
| 17:15 | Scout Tower |
| 17:15 | Scout Tower |
| 17:16 | Scout Tower |
| 17:16 | Scout Tower |
| 17:16 | Scout Tower |
| 17:20 | Staff of Sanctuary |
| 17:52 | Potion of Mana |
| 18:00 | Boots of Speed |
| 18:12 | Staff of Teleportation |
| 18:47 | Potion of Healing |
| 18:49 | Guard Tower |
| 19:09 | Scroll of Town Portal |
| 19:59 | Guard Tower |
| 20:00 | Guard Tower |
| 20:00 | Scout Tower |
| 20:01 | Scout Tower |
| 20:01 | Scout Tower |
| 20:06 | Dragonhawk Rider |
| 20:08 | Iron Forged Swords |
| 20:08 | Studded Leather Armor |
| 20:21 | Staff of Sanctuary |
| 21:01 | Peasant |
| 21:09 | Gryphon Aviary |
| 21:11 | Gryphon Aviary |
| 21:22 | Peasant |
| 21:22 | Peasant |
| 21:23 | Peasant |
| 21:23 | Peasant |
| 21:45 | Brilliance Aura |
| 22:52 | Lesser Clarity Potion |
| 22:55 | Storm Bolt |
| 23:03 | Farm |
| 23:45 | Divine Shield |
| 24:00 | Lumber Mill |
| 25:11 | Staff of Teleportation |
| 25:11 | Boots of Speed |
| 25:21 | Scout Tower |
| 25:21 | Scout Tower |
| 26:50 | Guard Tower |
| 26:54 | Scout Tower |
| 26:54 | Scout Tower |
| 26:55 | Scout Tower |
| 26:56 | Scout Tower |
| 28:05 | Holy Light |
| 28:41 | Scout Tower |
| 28:41 | Farm |
| 28:43 | Guard Tower |
| 28:44 | Scout Tower |
| 28:45 | Scout Tower |
| 28:45 | Scout Tower |
| 28:46 | Scout Tower |
| 28:46 | Scout Tower |
| 29:06 | Bash |
| 29:29 | Altar of Kings |
| 29:34 | Farm |
| 29:35 | Farm |
| 29:44 | Guard Tower |
| 30:05 | Divine Shield |
| 30:55 | Altar of Kings |
| 31:15 | Town Hall |
| 31:41 | Arcane Tower |
| Right click | 3601 |
| Select | 1033 |
| Select group | 324 |
| Build/train/purchase | 236 |
| Use ability | 118 |
| Resource trade | 22 |
| Assign group | 13 |
| Minimap ping | 10 |
| Misc. action | 9 |
| Item give/drop | 6 |
| Remove unit | 4 |



| Orb of Corruption | 2 | 750 |
| Staff of Teleportation | 2 | 300 |
| Boots of Speed | 3 | 750 |
| Circlet of Nobility | 2 | 350 |
| Periapt of Vitality | 1 | 325 |
| Staff of Sanctuary | 2 | 500 |
| Tiny Great Hall | 1 | 600 |
| total: | 13 | 3575g |
| Acolyte | 2 | 150 | / | 0 |
| Ghoul | 6 | 720 | / | 0 |
| Obsidian Statue | 2 | 400 | / | 70 |
| total: | 10 | 1270g | / | 70w |
| Nerubian Tower | 1 | 100 | / | 20 |
| Spirit Tower | 4 | 580 | / | 160 |
| Crypt | 1 | 200 | / | 50 |
| Altar of Darkness | 3 | 540 | / | 150 |
| Ziggurat | 8 | 1200 | / | 400 |
| Graveyard | 1 | 215 | / | 0 |
| Tomb of Relics | 1 | 130 | / | 30 |
| Necropolis | 2 | 450 | / | 0 |
| Slaughterhouse | 1 | 140 | / | 135 |
| Halls of the Dead | 1 | 320 | / | 210 |
| Black Citadel | 2 | 650 | / | 460 |
| total: | 17 | 2875g | / | 765w |
| 0:03 | Acolyte |
| 0:03 | Acolyte |
| 0:06 | Crypt |
| 0:10 | Altar of Darkness |
| 0:32 | Ziggurat |
| 0:55 | Graveyard |
| 1:08 | Ghoul |
| 1:08 | Ghoul |
| 1:24 | Nerubian Tower |
| 1:29 | Ghoul |
| 1:29 | Ghoul |
| 1:48 | Ziggurat |
| 1:56 | Ghoul |
| 2:12 | Ghoul |
| 2:21 | Death Coil |
| 2:40 | Spirit Tower |
| 3:47 | Halls of the Dead |
| 3:55 | Staff of Teleportation |
| 3:55 | Boots of Speed |
| 3:58 | Circlet of Nobility |
| 4:03 | Ziggurat |
| 4:06 | Ziggurat |
| 5:46 | Spirit Tower |
| 5:53 | Ziggurat |
| 6:23 | Black Citadel |
| 6:52 | Tomb of Relics |
| 7:17 | Slaughterhouse |
| 7:28 | Unholy Aura |
| 7:34 | Spirit Tower |
| 7:37 | Frost Nova |
| 9:21 | Obsidian Statue |
| 9:21 | Obsidian Statue |
| 9:45 | Ziggurat |
| 10:15 | Carrion Swarm |
| 10:29 | Orb of Corruption |
| 11:26 | Spirit Tower |
| 13:00 | Frost Armor |
| 13:11 | Orb of Corruption |
| 13:25 | Staff of Teleportation |
| 13:25 | Boots of Speed |
| 13:26 | Boots of Speed |
| 13:29 | Periapt of Vitality |
| 13:30 | Circlet of Nobility |
| 15:24 | Death Coil |
| 15:58 | Staff of Sanctuary |
| 16:34 | Altar of Darkness |
| 18:20 | Necropolis |
| 20:14 | Necropolis |
| 20:44 | Staff of Sanctuary |
| 20:54 | Frost Nova |
| 21:27 | Ziggurat |
| 21:27 | Ziggurat |
| 21:39 | Altar of Darkness |
| 24:20 | Tiny Great Hall |
| 25:56 | Unholy Aura |
| 27:07 | Frost Armor |
| Right click | 2419 |
| Select group | 1151 |
| Select | 240 |
| Use ability | 91 |
| Build/train/purchase | 70 |
| Resource trade | 65 |
| Misc. action | 51 |
| Minimap ping | 21 |
| Assign group | 12 |
| Item give/drop | 11 |
| Esc | 6 |
| Chat | 3 |
189 units @ 29.3k
/ 5.1k
90 buildings @ 12.2k
/ 5.3k

| Scroll of Regeneration | 6 | 600 |
| Lesser Clarity Potion | 8 | 560 |
| Potion of Mana | 1 | 200 |
| Potion of Healing | 5 | 750 |
| Staff of Sanctuary | 1 | 250 |
| Scroll of Town Portal | 2 | 700 |
| total: | 23 | 3060g |
| Peasant | 22 | 1650 | / | 0 |
| Footman | 4 | 540 | / | 0 |
| Rifleman | 9 | 1845 | / | 270 |
| Flying Machine | 11 | 1100 | / | 330 |
| Siege Engine | 6 | 1170 | / | 360 |
| total: | 52 | 6305g | / | 960w |
| Scout Tower | 5 | 150 | / | 100 |
| Arcane Tower | 1 | 70 | / | 50 |
| Guard Tower | 1 | 70 | / | 50 |
| Altar of Kings | 2 | 360 | / | 100 |
| Barracks | 2 | 320 | / | 120 |
| Farm | 14 | 1120 | / | 280 |
| Arcane Vault | 1 | 130 | / | 30 |
| Town Hall | 2 | 770 | / | 410 |
| Lumber Mill | 2 | 240 | / | 0 |
| Blacksmith | 2 | 280 | / | 120 |
| Workshop | 2 | 280 | / | 280 |
| Keep | 1 | 320 | / | 210 |
| Castle | 1 | 360 | / | 210 |
| total: | 32 | 3650g | / | 1440w |
| 0:03 | Peasant |
| 0:03 | Peasant |
| 0:03 | Peasant |
| 0:07 | Altar of Kings |
| 0:08 | Altar of Kings |
| 0:12 | Barracks |
| 0:22 | Peasant |
| 0:25 | Farm |
| 0:39 | Farm |
| 0:44 | Peasant |
| 0:56 | Peasant |
| 1:19 | Footman |
| 1:24 | Peasant |
| 1:24 | Peasant |
| 1:30 | Farm |
| 1:36 | Peasant |
| 1:42 | Scout Tower |
| 1:48 | Footman |
| 1:58 | Peasant |
| 2:05 | Farm |
| 2:12 | Storm Bolt |
| 2:21 | Footman |
| 2:25 | Peasant |
| 2:37 | Peasant |
| 2:49 | Footman |
| 3:04 | Arcane Vault |
| 3:07 | Arcane Tower |
| 3:32 | Peasant |
| 3:32 | Peasant |
| 3:53 | Town Hall |
| 3:56 | Scout Tower |
| 3:57 | Scout Tower |
| 3:58 | Scout Tower |
| 3:59 | Scout Tower |
| 4:09 | Peasant |
| 4:14 | Peasant |
| 4:23 | Bash |
| 4:27 | Peasant |
| 4:40 | Lumber Mill |
| 4:43 | Lumber Mill |
| 4:49 | Peasant |
| 5:12 | Barracks |
| 5:20 | Blacksmith |
| 5:23 | Blacksmith |
| 5:50 | Guard Tower |
| 5:58 | Improved Masonry |
| 6:13 | Farm |
| 6:14 | Farm |
| 6:32 | Storm Bolt |
| 6:53 | Keep |
| 6:55 | Rifleman |
| 6:58 | Farm |
| 6:59 | Farm |
| 7:08 | Black Gunpowder |
| 7:22 | Scroll of Regeneration |
| 7:22 | Lesser Clarity Potion |
| 7:27 | Rifleman |
| 7:31 | Farm |
| 7:34 | Farm |
| 7:44 | Rifleman |
| 8:19 | Rifleman |
| 8:27 | Studded Leather Armor |
| 9:13 | Castle |
| 9:15 | Refined Gunpowder |
| 9:18 | Long Rifles |
| 9:25 | Imbued Gunpowder |
| 9:28 | Scroll of Regeneration |
| 9:29 | Lesser Clarity Potion |
| 9:31 | Lesser Clarity Potion |
| 9:31 | Potion of Mana |
| 9:32 | Potion of Healing |
| 9:49 | Rifleman |
| 10:00 | Workshop |
| 10:36 | Rifleman |
| 10:41 | Workshop |
| 10:43 | Improved Lumber Harvesting |
| 11:43 | Bash |
| 12:00 | Rifleman |
| 12:02 | Flak Cannons |
| 12:05 | Farm |
| 12:05 | Farm |
| 12:11 | Flying Machine |
| 12:11 | Flying Machine |
| 12:11 | Flying Machine |
| 12:12 | Flying Machine |
| 12:13 | Advanced Lumber Harvesting |
| 12:43 | Flying Machine |
| 12:43 | Flying Machine |
| 12:43 | Flying Machine |
| 13:01 | Reinforced Leather Armor |
| 13:13 | Flying Machine |
| 13:17 | Flying Machine |
| 13:54 | Scroll of Regeneration |
| 13:54 | Lesser Clarity Potion |
| 13:59 | Lesser Clarity Potion |
| 14:00 | Staff of Sanctuary |
| 14:09 | Flying Machine |
| 14:09 | Flying Machine |
| 14:44 | Dragonhide Armor |
| 16:29 | Storm Bolt |
| 16:41 | Iron Forged Swords |
| 16:42 | Iron Plating |
| 17:02 | Farm |
| 17:02 | Farm |
| 17:09 | Fragmentation Shards |
| 17:09 | Flare |
| 17:31 | Scroll of Regeneration |
| 17:31 | Lesser Clarity Potion |
| 17:33 | Potion of Healing |
| 17:36 | Potion of Healing |
| 17:37 | Lesser Clarity Potion |
| 18:28 | Barrage |
| 18:35 | Steel Plating |
| 19:26 | Siege Engine |
| 19:26 | Siege Engine |
| 19:29 | Siege Engine |
| 19:32 | Siege Engine |
| 19:32 | Siege Engine |
| 19:35 | Siege Engine |
| 20:03 | Mithril Plating |
| 21:33 | Town Hall |
| 24:13 | Avatar |
| 24:45 | Rifleman |
| 24:45 | Rifleman |
| 24:54 | Scroll of Regeneration |
| 25:07 | Potion of Healing |
| 25:11 | Scroll of Town Portal |
| 26:33 | Scroll of Regeneration |
| 26:33 | Lesser Clarity Potion |
| 26:35 | Scroll of Town Portal |
| 26:36 | Potion of Healing |
| 28:33 | Bash |
| 29:43 | Peasant |
| 29:43 | Peasant |
| 29:43 | Peasant |
| 29:44 | Peasant |
| Right click | 1370 |
| Select group | 921 |
| Select | 455 |
| Build/train/purchase | 140 |
| Misc. action | 79 |
| Assign group | 56 |
| Use ability | 49 |
| Resource trade | 10 |
| Minimap ping | 4 |
| Remove unit | 3 |
| Esc | 3 |
| Item give/drop | 1 |



| Scroll of Regeneration | 4 | 400 |
| Potion of Healing | 3 | 450 |
| Potion of Mana | 1 | 200 |
| Staff of Sanctuary | 1 | 250 |
| Scroll of Town Portal | 1 | 350 |
| Boots of Speed | 2 | 500 |
| total: | 12 | 2150g |
| Peasant | 14 | 1050 | / | 0 |
| Footman | 6 | 810 | / | 0 |
| Sorceress | 3 | 465 | / | 60 |
| Siege Engine | 3 | 585 | / | 180 |
| Mortar Team | 4 | 720 | / | 280 |
| Dragonhawk Rider | 4 | 800 | / | 120 |
| Gryphon Rider | 3 | 840 | / | 210 |
| Spell Breaker | 3 | 645 | / | 90 |
| total: | 40 | 5915g | / | 940w |
| Scout Tower | 6 | 180 | / | 120 |
| Arcane Tower | 1 | 70 | / | 50 |
| Guard Tower | 2 | 140 | / | 100 |
| Barracks | 1 | 160 | / | 60 |
| Altar of Kings | 1 | 180 | / | 50 |
| Farm | 9 | 720 | / | 180 |
| Lumber Mill | 1 | 120 | / | 0 |
| Arcane Vault | 2 | 260 | / | 60 |
| Blacksmith | 1 | 140 | / | 60 |
| Town Hall | 2 | 770 | / | 410 |
| Arcane Sanctum | 1 | 150 | / | 140 |
| Workshop | 3 | 420 | / | 420 |
| Gryphon Aviary | 3 | 420 | / | 450 |
| Keep | 1 | 320 | / | 210 |
| Castle | 1 | 360 | / | 210 |
| total: | 30 | 3520g | / | 1950w |
| 0:03 | Peasant |
| 0:03 | Peasant |
| 0:04 | Peasant |
| 0:21 | Barracks |
| 0:34 | Altar of Kings |
| 0:37 | Peasant |
| 0:50 | Farm |
| 0:55 | Peasant |
| 1:06 | Farm |
| 1:08 | Peasant |
| 1:08 | Peasant |
| 1:28 | Footman |
| 1:28 | Footman |
| 1:47 | Farm |
| 1:48 | Peasant |
| 1:57 | Footman |
| 2:03 | Peasant |
| 2:29 | Footman |
| 2:31 | Farm |
| 2:42 | Summon Water Elemental |
| 2:57 | Footman |
| 3:17 | Defend |
| 3:48 | Keep |
| 3:50 | Lumber Mill |
| 4:15 | Footman |
| 4:37 | Arcane Vault |
| 4:59 | Blacksmith |
| 5:30 | Brilliance Aura |
| 5:42 | Town Hall |
| 5:47 | Farm |
| 5:48 | Scout Tower |
| 5:49 | Scout Tower |
| 6:01 | Scroll of Regeneration |
| 6:01 | Scroll of Regeneration |
| 6:17 | Arcane Tower |
| 6:19 | Guard Tower |
| 6:29 | Improved Lumber Harvesting |
| 6:29 | Peasant |
| 6:29 | Peasant |
| 6:49 | Long Rifles |
| 7:53 | Scroll of Town Portal |
| 7:54 | Boots of Speed |
| 8:10 | Summon Water Elemental |
| 8:13 | Flame Strike |
| 8:16 | Castle |
| 8:17 | Scroll of Regeneration |
| 8:18 | Potion of Healing |
| 8:29 | Boots of Speed |
| 8:55 | Arcane Sanctum |
| 8:58 | Workshop |
| 9:01 | Peasant |
| 9:01 | Peasant |
| 9:01 | Peasant |
| 10:15 | Sorceress Adept Training |
| 10:16 | Sorceress |
| 10:16 | Sorceress |
| 10:19 | Workshop |
| 10:43 | Black Gunpowder |
| 11:05 | Barrage |
| 11:07 | Flying Machine Bombs |
| 11:10 | Advanced Lumber Harvesting |
| 11:26 | Siege Engine |
| 11:52 | Workshop |
| 11:57 | Farm |
| 11:58 | Farm |
| 12:00 | Farm |
| 12:01 | Farm |
| 12:38 | Siege Engine |
| 12:53 | Sorceress Master Training |
| 13:19 | Fragmentation Shards |
| 13:57 | Scout Tower |
| 13:57 | Scout Tower |
| 13:59 | Scout Tower |
| 14:02 | Scout Tower |
| 14:20 | Mortar Team |
| 14:22 | Flare |
| 14:24 | Refined Gunpowder |
| 14:44 | Guard Tower |
| 15:39 | Mortar Team |
| 15:45 | Siphon Mana |
| 16:31 | Mortar Team |
| 17:22 | Arcane Vault |
| 17:53 | Siege Engine |
| 17:55 | Scroll of Regeneration |
| 17:58 | Potion of Mana |
| 17:58 | Potion of Healing |
| 18:06 | Staff of Sanctuary |
| 18:07 | Potion of Healing |
| 18:23 | Imbued Gunpowder |
| 18:23 | Studded Leather Armor |
| 18:27 | Priest Adept Training |
| 18:28 | Sorceress |
| 18:39 | Mortar Team |
| 21:44 | Animal War Training |
| 21:44 | Sundering Blades |
| 21:47 | Improved Masonry |
| 21:49 | Reinforced Leather Armor |
| 22:30 | Town Hall |
| 22:47 | Gryphon Aviary |
| 22:48 | Gryphon Aviary |
| 22:50 | Gryphon Aviary |
| 24:05 | Iron Forged Swords |
| 24:05 | Dragonhide Armor |
| 24:10 | Cloud |
| 24:12 | Storm Hammers |
| 25:34 | Dragonhawk Rider |
| 25:34 | Dragonhawk Rider |
| 25:35 | Dragonhawk Rider |
| 26:33 | Gryphon Rider |
| 27:17 | Gryphon Rider |
| 28:02 | Brilliance Aura |
| 28:03 | Flame Strike |
| 28:09 | Storm Bolt |
| 28:23 | Dragonhawk Rider |
| 29:35 | Bash |
| 30:21 | Gryphon Rider |
| 31:29 | Spell Breaker |
| 31:29 | Spell Breaker |
| 31:29 | Spell Breaker |
| Right click | 978 |
| Select group | 926 |
| Select | 402 |
| Build/train/purchase | 135 |
| Misc. action | 73 |
| Assign group | 43 |
| Use ability | 33 |
| Minimap ping | 10 |
| Item give/drop | 2 |


| Lesser Clarity Potion | 1 | 70 |
| total: | 1 | 70g |
| Wisp | 21 | 1260 | / | 0 |
| Archer | 5 | 650 | / | 50 |
| Huntress | 8 | 1560 | / | 160 |
| Druid of the Claw | 12 | 3060 | / | 960 |
| Mountain Giant | 1 | 350 | / | 100 |
| Dryad | 3 | 435 | / | 180 |
| Glaive Thrower | 7 | 1470 | / | 455 |
| Forest Troll Shadow Priest | 1 | 195 | / | 10 |
| total: | 58 | 8980g | / | 1915w |
| Altar of Elders | 1 | 180 | / | 50 |
| Moon Well | 6 | 1080 | / | 240 |
| Ancient of War | 2 | 300 | / | 120 |
| Hunter's Hall | 1 | 210 | / | 100 |
| Ancient of Wonders | 1 | 90 | / | 30 |
| Tree of Life | 1 | 340 | / | 185 |
| Ancient of Lore | 2 | 310 | / | 290 |
| Tree of Ages | 1 | 320 | / | 180 |
| Tree of Eternity | 1 | 330 | / | 200 |
| total: | 14 | 2510g | / | 1015w |
| 0:02 | Wisp |
| 0:06 | Altar of Elders |
| 0:09 | Moon Well |
| 0:14 | Ancient of War |
| 0:23 | Wisp |
| 0:23 | Wisp |
| 0:33 | Wisp |
| 0:33 | Wisp |
| 0:59 | Wisp |
| 0:59 | Wisp |
| 1:04 | Wisp |
| 1:15 | Wisp |
| 1:24 | Archer |
| 1:25 | Wisp |
| 1:51 | Moon Well |
| 1:53 | Archer |
| 1:53 | Wisp |
| 2:22 | Mana Burn |
| 2:40 | Wisp |
| 2:43 | Hunter's Hall |
| 2:46 | Wisp |
| 2:47 | Archer |
| 3:06 | Archer |
| 3:09 | Archer |
| 3:11 | Wisp |
| 3:11 | Wisp |
| 3:45 | Huntress |
| 4:07 | Moon Well |
| 4:08 | Tree of Ages |
| 4:29 | Evasion |
| 4:31 | Huntress |
| 4:31 | Huntress |
| 4:41 | Forest Troll Shadow Priest |
| 5:03 | Moon Well |
| 5:14 | Huntress |
| 5:17 | Strength of the Wild |
| 5:17 | Improved Strength of the Wild |
| 5:34 | Huntress |
| 6:20 | Huntress |
| 6:32 | Mana Burn |
| 6:38 | Ancient of Lore |
| 6:43 | Ancient of Lore |
| 6:44 | Wisp |
| 6:44 | Wisp |
| 7:05 | Ancient of Wonders |
| 7:25 | Huntress |
| 7:25 | Moon Glaive |
| 7:43 | Forked Lightning |
| 7:54 | Druid of the Claw Adept Training |
| 8:09 | Tree of Eternity |
| 8:11 | Abolish Magic |
| 8:43 | Frost Arrows |
| 9:01 | Reinforced Hides |
| 9:02 | Druid of the Claw |
| 9:25 | Moon Well |
| 9:28 | Moon Well |
| 9:33 | Forked Lightning |
| 10:21 | Druid of the Claw |
| 10:37 | Druid of the Claw Master Training |
| 10:40 | Huntress |
| 11:17 | Druid of the Claw |
| 11:48 | Mark of the Claw |
| 11:50 | Druid of the Claw |
| 12:27 | Mountain Giant |
| 13:24 | Druid of the Claw |
| 13:25 | Dryad |
| 13:57 | Glaive Thrower |
| 14:31 | Druid of the Claw |
| 15:15 | Druid of the Claw |
| 16:02 | Druid of the Claw |
| 16:41 | Tree of Life |
| 16:53 | Frost Arrows |
| 17:50 | Glaive Thrower |
| 17:54 | Vorpal Blades |
| 18:03 | Lesser Clarity Potion |
| 19:07 | Evasion |
| 19:18 | Wisp |
| 19:19 | Wisp |
| 19:19 | Wisp |
| 19:22 | Glaive Thrower |
| 19:24 | Druid of the Claw |
| 20:07 | Glaive Thrower |
| 20:50 | Druid of the Claw |
| 22:19 | Druid of the Claw |
| 22:22 | Wisp |
| 22:59 | Druid of the Claw |
| 24:35 | Dryad |
| 24:56 | Glaive Thrower |
| 25:30 | Ancient of War |
| 26:06 | Dryad |
| 26:42 | Glaive Thrower |
| 26:58 | Glaive Thrower |
| Right click | 1763 |
| Select | 830 |
| Select group | 310 |
| Build/train/purchase | 126 |
| Assign group | 114 |
| Use ability | 63 |
| Misc. action | 48 |
| Minimap ping | 24 |
| Remove unit | 5 |


| Healing Salve | 2 | 200 |
| Lesser Clarity Potion | 2 | 140 |
| Scroll of Town Portal | 1 | 350 |
| total: | 5 | 690g |
| Peon | 8 | 600 | / | 0 |
| Grunt | 4 | 800 | / | 0 |
| Wind Rider | 14 | 3710 | / | 560 |
| Demolisher | 9 | 1980 | / | 450 |
| Druid of the Claw | 4 | 1020 | / | 320 |
| total: | 39 | 8110g | / | 1330w |
| Altar of Storms | 1 | 180 | / | 50 |
| Orc Burrow | 6 | 960 | / | 240 |
| Voodoo Lounge | 1 | 130 | / | 30 |
| Barracks | 2 | 360 | / | 100 |
| War Mill | 1 | 205 | / | 0 |
| Great Hall | 1 | 385 | / | 185 |
| Beastiary | 2 | 290 | / | 280 |
| Stronghold | 1 | 315 | / | 190 |
| Fortress | 1 | 325 | / | 190 |
| total: | 14 | 2510g | / | 885w |
| 0:06 | Peon |
| 0:06 | Peon |
| 0:16 | Altar of Storms |
| 0:26 | Orc Burrow |
| 0:28 | Peon |
| 0:51 | Peon |
| 0:51 | Peon |
| 1:01 | Peon |
| 1:14 | Voodoo Lounge |
| 1:21 | Barracks |
| 1:30 | Peon |
| 1:30 | Peon |
| 1:53 | Orc Burrow |
| 2:18 | Healing Salve |
| 2:19 | Lesser Clarity Potion |
| 2:24 | Grunt |
| 2:31 | Wind Walk |
| 2:54 | Grunt |
| 3:30 | Grunt |
| 3:40 | Stronghold |
| 4:14 | Grunt |
| 4:21 | Orc Burrow |
| 4:51 | War Mill |
| 5:29 | Critical Strike |
| 5:29 | Critical Strike |
| 6:11 | Beastiary |
| 6:12 | Beastiary |
| 7:13 | Fortress |
| 7:21 | Steel Ranged Weapons |
| 7:23 | Wind Rider |
| 7:27 | Orc Burrow |
| 7:32 | Lesser Clarity Potion |
| 7:35 | Wind Rider |
| 7:57 | Healing Wave |
| 8:30 | Wind Rider |
| 8:47 | Orc Burrow |
| 9:18 | Thorium Ranged Weapons |
| 9:50 | Envenomed Spears |
| 10:04 | Wind Rider |
| 10:34 | Wind Rider |
| 10:57 | Wind Walk |
| 10:59 | Hex |
| 11:37 | Wind Rider |
| 12:17 | Wind Rider |
| 12:41 | Wind Rider |
| 12:55 | Healing Wave |
| 13:06 | Wind Rider |
| 13:41 | Wind Rider |
| 14:31 | Arcanite Ranged Weapons |
| 14:35 | Orc Burrow |
| 15:25 | Scroll of Town Portal |
| 15:37 | Healing Salve |
| 16:17 | Wind Rider |
| 16:39 | Burning Oil |
| 17:14 | Demolisher |
| 18:01 | Demolisher |
| 18:57 | Wind Rider |
| 19:40 | Demolisher |
| 19:53 | Critical Strike |
| 20:25 | Wind Rider |
| 21:13 | Demolisher |
| 21:15 | Wind Rider |
| 23:23 | Hex |
| 24:28 | Great Hall |
| 28:35 | Druid of the Claw |
| 28:49 | Demolisher |
| 28:52 | Barracks |
| 29:26 | Druid of the Claw |
| 29:34 | Demolisher |
| 30:14 | Druid of the Claw |
| 30:16 | Demolisher |
| 30:57 | Druid of the Claw |
| 30:59 | Demolisher |
| 31:37 | Demolisher |
| Right click | 1628 |
| Select group | 581 |
| Select | 202 |
| Build/train/purchase | 119 |
| Chat | 71 |
| Assign group | 49 |
| Use ability | 40 |
| Minimap ping | 17 |
| Resource trade | 10 |
| Misc. action | 8 |
| Remove unit | 1 |
⇛